 Dungeon Crawl Stone Soup version 0.30-a0-304-gdc4b735fe1 (webtiles) character file.

Game seed: 11889494963616689889

3166 purpskrrrp the Skirmisher (level 9, -10/73 HPs)
             Began as a Naga Hunter on Oct 20, 2022.
             Was an Elder of Cheibriados.
             Mangled by an orc knight
             ... wielding a +0 trident
              (17 damage)
             ... in a bailey.
             The game lasted 00:18:14 (7610 turns).

purpskrrrp the Skirmisher (Naga Hunter)             Turns: 7610, Time: 00:18:14

Health: -10/73     AC: 11    Str: 22    XL:     9   Next: 94%
Magic:  9/9        EV: 15    Int: 20    God:    Cheibriados [****..]
Gold:   481        SH:  0    Dex: 27    Spells: 8/8 levels left

rFire   . . .      SeeInvis +    a - +0 shortbow
rCold   . . .      Faith    .    (shield currently unavailable)
rNeg    . . .      Spirit   .    G - +0 steam dragon scales
rPois   +          Reflect  .    o - +0 helmet
rElec   .          Harm     .    (no cloak)
rCorr   .          Rampage  .    k - +0 pair of gloves
Will    +....                    (no barding)
Stlth   ++++++....               v - amulet of the acrobat
HPRegen 0.32/turn                h - +4 ring of protection
MPRegen 0.11/turn                A - +4 ring of evasion

@: about to teleport, short of breath, hasted, studying Ranged Weapons, very
slow
A: AC +3, large, see invisible, deformed body, poison resistance, slowness 2,
spit poison 1, naga tail 1
a: Spit Poison, Renounce Religion, Bend Time, Temporal Distortion, Slouch


You were in a bailey.
You worshipped Cheibriados.
Cheibriados was greatly pleased with you.
You visited 1 branch of the dungeon, and saw 8 of its levels.
You also visited: Bailey.

You collected 481 gold pieces.

Inventory:

Hand Weapons
 a - a +0 shortbow (weapon)
 d - a +3 vorpal dire flail
 D - a +4 scimitar of draining
Missiles
 e - 5 silver boomerangs
Armour
 c - a +0 leather armour
 k - a +0 pair of gloves (worn)
 n - a +0 scale mail
 o - a +0 helmet (worn)
 F - +0 swamp dragon scales
 G - +0 steam dragon scales (worn)
 K - +0 fire dragon scales
Magical Staves
 p - a staff of air
Jewellery
 h - a +4 ring of protection (left hand)
 i - a ring of fire
 v - an amulet of the acrobat (around neck)
 y - a ring of positive energy
 A - a +4 ring of evasion (right hand)
 E - an amulet of magic regeneration
Wands
 x - a wand of paralysis (6)
 z - a wand of iceblast (8)
 H - a wand of light (8)
Scrolls
 b - a scroll of immolation
 u - a scroll of amnesia
 w - a scroll of teleportation
 C - a scroll of silence
Potions
 f - 2 potions of degeneration
 g - a potion of lignification
 j - a potion of curing {unknown}
 l - 3 potions of cancellation
 m - 2 potions of heal wounds {unknown}
 q - 5 potions of haste
 r - 4 potions of brilliance
 s - 2 potions of magic {unknown}
 t - 2 potions of flight
 B - a potion of berserk rage {unknown}
 I - a potion of might {unknown}


   Skills:
 - Level 2.1 Fighting
 + Level 13.5 Ranged Weapons
 - Level 1.7 Dodging
 + Level 11.7 Stealth


You had 8 spell levels left.
You didn't know any spells.
Your spell library contained the following spells:

 Spells                   Type           Power      Damage    Failure   Level
 Kiss of Death            Conj/Necr      0%         2d5       19%         1
 Necrotise                Necr           0%         1d4       19%         1
 Cigotuvi's Dreadful Rot  Necr/Pois/Air  0%         N/A       28%         2
 Sublimation of Blood     Necr           0%         N/A       28%         2
 Animate Dead             Necr           0%         N/A       88%         4
 Petrify                  Tmut/Erth      0%         N/A       88%         4
 Irradiate                Conj/Tmut      0%         3d11      99%         5


Dungeon Overview and Level Annotations

Branches:
Dungeon (8/15)             Temple (0/1) D:5          Bailey (1/1)
   Lair: D:8-11

Altars:
Cheibriados
Dithmenos
Fedhas
Kikubaaqudgha
Nemelex Xobeh
Ru
Trog
Uskayaw
Vehumet
Wu Jian
Yredelemnul
Zin
Lugonu

Portals:
Abyss: D:6

Annotations:
D:6 2 runed translucent doors


Innate Abilities, Weirdness & Mutations

Your serpentine skin is tough. (AC +3)
You have supernaturally acute eyesight. (SInv)
Armour fits poorly on your strangely shaped body.
Your system is resistant to poisons. (rPois)
You cover ground very slowly.
You can spit poison.
You have a snake-like lower body.


Message History

You are too injured to fight recklessly!
You are too injured to fight recklessly!
You are too injured to fight recklessly!
You are too injured to fight recklessly!
You are too injured to fight recklessly!
You are too injured to fight recklessly!
You are too injured to fight recklessly!
You are too injured to fight recklessly!
You are too injured to fight recklessly!
You are too injured to fight recklessly!
You are too injured to fight recklessly!
You are too injured to fight recklessly!
You are too injured to fight recklessly!
You are too injured to fight recklessly!
You are too injured to fight recklessly!
You are too injured to fight recklessly!
You are too injured to fight recklessly!
You are too injured to fight recklessly!
You are too injured to fight recklessly!
You are too injured to fight recklessly!
You are too injured to fight recklessly!
You are too injured to fight recklessly!
Aiming: Spit Poison (1% risk of failure)
Press: ? - help, Q - select action, (/) - cycle Shift-Dir - straight line, f/p - orc knight
Aim: an orc knight, wielding a +0 trident and wearing a +0 chain mail (lightly wounded, strong, 60% to hit)
The splash of poison hits the orc knight.
The orc knight is lightly wounded.
The orc knight hits you from afar with a +0 trident.
* * * LOW HITPOINT WARNING * * *
The orc warrior hits you from afar with a +0 halberd!
* * * LOW HITPOINT WARNING * * *
An orc warrior comes into view. It is wielding a +0 halberd.
Okay, then.
As you read the scroll of teleportation, it crumbles to dust.
You feel strangely unstable. The orc knight misses you.
The orc warrior barely misses you.
It was a potion of haste.
You feel yourself speed up.
Cheibriados forgives your accidental hurry, just this once.
The orc knight hits you from afar with a +0 trident!
You die...

####### #####
##.....#########....
####...))..#.....#......
...#).##...'.....'..#...
...)).8....'.....'o)o.o.
...#))##...'....o'o.#
####.......#....@#
##.....######## #######


You could see 2 orc knights and 3 orc warriors.

Vanquished Creatures
  A two-headed ogre (D:7)
  Maggie (D:7)
  A hornet (D:7)
  Sigmund (D:3)
  A steam dragon (D:7)
  Edmund (D:6)
  A water moccasin (D:7)
  An orc warrior (Bailey)
  An ice beast (D:6)
  An ogre (D:7)
  A centaur (D:6)
  A kobold brigand (D:7)
  2 necrophages
  3 scorpions
  A gnoll bouda (D:6)
  5 orc priests
  A jelly (D:5)
  4 hounds
  Jessica (D:3)
  3 orc wizards
  3 iguanas
  11 gnolls
  7 adders
  A shadow imp (D:5)
  2 white imps
  An ufetubus (D:4)
  4 worms
  3 dart slugs (D:4)
  36 orcs
  10 endoplasms
  4 giant cockroaches
  5 hobgoblins
  8 jackals
  8 kobolds
  3 quokkas
  9 ball pythons
  7 bats
  6 frilled lizards
  15 goblins
  8 rats
183 creatures vanquished.

Notes
Turn   | Place    | Note
-------+----------+-------------------------------------------
     0 | D:1      | purpskrrrp the Naga Hunter began the quest for the Orb.
     0 | D:1      | Reached XP level 1. HP: 19/19 MP: 1/1
   121 | D:1      | Reached XP level 2. HP: 26/26 MP: 2/2
   480 | D:1      | Reached skill level 4 in Ranged Weapons
   897 | D:2      | Reached XP level 3. HP: 32/32 MP: 3/3
  1450 | D:2      | Reached XP level 4. HP: 23/39 MP: 4/4
  1842 | D:3      | Found a sparkling altar of Nemelex Xobeh.
  1842 | D:3      | Found an ancient bone altar of Kikubaaqudgha.
  1856 | D:3      | Became a worshipper of Kikubaaqudgha
  1861 | D:3      | Reached skill level 5 in Ranged Weapons
  1906 | D:3      | Noticed Jessica
  1909 | D:3      | Killed Jessica
  1991 | D:3      | Reached XP level 5. HP: 45/45 MP: 5/5
  1991 | D:3      | Noticed Sigmund
  2010 | D:3      | Killed Sigmund
  2011 | D:3      | Reached skill level 6 in Ranged Weapons
  2011 | D:3      | Reached XP level 6. HP: 13/52 MP: 6/6
  2351 | D:3      | Found a blossoming altar of Fedhas.
  2416 | D:3      | Reached * piety under Kikubaaqudgha
  2416 | D:3      | Received a gift from Kikubaaqudgha
  2441 | D:3      | Found a snail-covered altar of Cheibriados.
  2651 | D:3      | Fell from the grace of Kikubaaqudgha
  2652 | D:3      | Became a worshipper of Cheibriados the Contemplative
  2930 | D:4      | Reached skill level 7 in Ranged Weapons
  3193 | D:4      | Reached XP level 7. HP: 57/60 MP: 7/7
  3245 | D:4      | Found an ornate altar of the Wu Jian Council.
  3745 | D:5      | Entered Level 5 of the Dungeon
  3751 | D:5      | Found a radiant altar of Vehumet.
  3755 | D:5      | Reached * piety under Cheibriados
  4080 | D:5      | Reached skill level 8 in Ranged Weapons
  4218 | D:5      | Found a shadowy altar of Dithmenos.
  4604 | D:5      | Reached skill level 9 in Ranged Weapons
  4628 | D:5      | Found a staircase to the Ecumenical Temple.
  4656 | D:5      | Found a bloodstained altar of Trog.
  5342 | D:6      | Reached XP level 8. HP: 35/67 MP: 8/8
  5418 | D:6      | Reached skill level 10 in Ranged Weapons
  5464 | D:6      | Found a hide-covered altar of Uskayaw.
  5488 | D:6      | Noticed Edmund
  5505 | D:6      | Killed Edmund
  5506 | D:6      | Reached skill level 5 in Stealth
  5712 | D:6      | Found a large runed translucent door.
  5712 | D:6      | Found a large runed translucent door.
  5715 | D:6      | Found a corrupted altar of Lugonu.
  5916 | D:6      | Reached ** piety under Cheibriados
  6089 | D:6      | Noticed an angel
  6090 | D:6      | Found a glowing silver altar of Zin.
  6154 | D:6      | Reached skill level 11 in Ranged Weapons
  6161 | D:6      | Found a one-way gate to the infinite horrors of the Abyss.
  6265 | D:7      | Noticed Maggie
  6278 | D:7      | Was forgiven by Kikubaaqudgha
  6285 | D:7      | Killed Maggie
  6286 | D:7      | Reached XP level 9. HP: 30/73 MP: 9/9
  6346 | D:7      | Noticed a two-headed ogre
  6357 | D:7      | Killed a two-headed ogre
  6358 | D:7      | Reached skill level 12 in Ranged Weapons
  6540 | D:7      | Reached skill level 10 in Stealth
  6682 | D:7      | Found a basalt altar of Yredelemnul.
  6895 | D:7      | Noticed a hornet
  6904 | D:7      | Killed a hornet
  6905 | D:7      | Reached skill level 13 in Ranged Weapons
  7157 | D:7      | Reached *** piety under Cheibriados
  7391 | D:8      | Found a sacrificial altar of Ru.
  7425 | D:8      | Identified the +1 leather armour of Dithmenos, Enchanting
                  | {Str+4}
  7433 | D:8      | Found a flagged portal.
  7442 | Bailey   | Entered a bailey
  7462 | Bailey   | Reached **** piety under Cheibriados
  7599 | Bailey   | Noticed an orc knight
  7600 | Bailey   | Noticed an orc knight
  7610 | Bailey   | Mangled by an orc knight

Illustrated notes

Levels and vault maps discovered:
D:1:      lightli_molten_gateway, layout_loops_ring
D:2:      layout_basic, minmay_misc_feat_tower,
          nicolae_concentric_dashed_squares_wild, kennysheep_generic_room_14
D:3:      layout_basic, jmf_multi_god_temple, cheibriados_altar_1,
          fedhas_altar_2, nicolae_concentric_dashed_squares_mild, uniq_sigmund,
          uniq_jessica
D:4:      layout_basic, nzn_wu_jian_contemplation, serial_curves,
          eino_curves_01, eino_curves_01, grunt_ministairs_8,
          mrwooster_statue_mirror
D:5:      layout_loops_ring, mainiacjoe_overflow_boulevard,
          nicolae_dithmenos_shadow_blocks, nicolae_vehumet_radiance,
          minmay_temple_entry_stoned_glass, serial_co_window_serial,
          co_window_of_opportunity_a, co_window_of_opportunity_a,
          co_window_corner_a, co_window_of_opportunity_a,
          co_window_of_opportunity_a, co_window_corner_a, co_window_cross_1,
          co_window_corner_a, co_window_cross_1, co_window_unsneaky_path_a,
          co_window_corner_b, co_window_2corner, co_window_paths_e,
          glass_columns_a, glass_columns_b, glass_columns_a, glass_columns_a,
          minmay_misc_feat_rugged
D:6:      due_chaos_kobolds, layout_rooms, nicolae_uskayaw_dance_hall,
          zin_angel, uniq_edmund
D:7:      layout_rooms, lemuel_round_altar, uniq_maggie
D:8:      minmay_distorted_concentric_squares, layout_basic,
          nicolae_ru_great_annihilating_truth, enter_bailey_5,
          nicolae_elemental_shop, nrook_mini_backslash, unseen_surprise_small
Bailey:   bailey_polearm_5, bailey

Skill      XL: |  1  2  3  4  5  6  7  8  9 |
---------------+----------------------------+-----
Stealth        | 2 8 11 | 11.7
Ranged Weapons | 4 5 6 7 9 11 13 | 13.5
Fighting       | |  2.1
Dodging        | |  1.7

Action                   |  1- 3 |  4- 6 |  7- 9 || total
-------------------------+-------+-------+-------++-------
Melee: Shortbow          |       |       |     6 ||     6
 Fire: Shortbow          |   101 |   148 |   428 ||   677
Invok: Renounce Religion |       |     1 |       ||     1
 Abil: Spit Poison       |       |     2 |    26 ||    28
  Use: Scroll            |     2 |     2 |    10 ||    14
       Potion            |       |       |     2 ||     2
Armor: Scale mail        |    28 |    99 |   113 ||   240
       Leather armour    |     2 |       |       ||     2
       Steam dragon scal |       |       |    21 ||    21
       Swamp dragon scal |       |       |     1 ||     1
Dodge: Dodged            |    21 |    72 |   227 ||   320

Table legend: (Time is in decaauts)
 A = Elapsed time spent in this place.
 B = Non-inter-level travel time spent in this place.
 C = Inter-level travel time spent in this place.
 D = Time resting spent in this place.
 E = Time spent auto-exploring this place.
 F = Levels seen in this place.
 G = Mean time per level.
                   A        B        C        D        E       F      G
               +--------+--------+--------+--------+--------+-----+--------+
         Total |  11118 |  10673 |    445 |   1031 |   7973 |   9 | 1235.3 |
       Dungeon |  10895 |  10450 |    445 |   1031 |   7829 |   8 | 1361.9 |
        Bailey |    222 |    222 |      0 |      0 |    143 |   1 |  222.0 |
               +--------+--------+--------+--------+--------+-----+--------+

Top non-repeatable levels by time:
     D:5: 2455 daAuts
     D:4: 1708 daAuts
     D:7: 1533 daAuts
     D:2: 1422 daAuts
     D:6: 1370 daAuts
     D:3: 1122 daAuts
     D:1: 1087 daAuts
  Bailey: 222 daAuts
     D:8: 195 daAuts
